 Dungeon Crawl Stone Soup version 0.27-a0-320-g81d27af2d4 (webtiles) character file.

Game seed: 15148111770601142128

41849 wakim the Martial Artist (level 14, -1/99 HPs)
             Began as an Octopode Venom Mage on Feb 10, 2021.
             Was an Initiate of Gozag.
             Killed from afar by an efreet (25 damage)
             ... with a fireball
             ... in a volcano.
             The game lasted 01:44:26 (22909 turns).

wakim the Martial Artist (Octopode Venom Mage)     Turns: 22909, Time: 01:44:27

Health: -1/99      AC:  2    Str: 14    XL:     14   Next: 17%
Magic:  36/36      EV: 37    Int: 23    God:    Gozag
Gold:   3063       SH:  0    Dex: 28    Spells: 5/32 levels left

rFire    . . .     SeeInvis .     - Unarmed
rCold    + . .     Faith    .   (shield currently unavailable)
rNeg     + . .     Spirit   .   (helmet currently unavailable)
rPois    .         Reflect  .   A - amulet "Hopt" {RegenMP Str-3 Dex+4}
rElec    +         Harm     .   m - ring of magical power
rCorr    +         Rampage  .   d - ring of wizardry
Will     +....                  v - ring "Wufrehe" {+Blink rPois rN+ Str+4 Int-5}
Stlth    +++++.....             s - ring of wizardry
HPRegen  0.26/turn              z - +6 ring of dexterity
MPRegen  0.50/turn              G - ring "Xitralen" {rElec rC+ Str+4 Int+2}
                                H - ring of resist corrosion
                                M - +6 ring of intelligence

@: spider-form (expiring), gold aura
A: tiny, almost no armour, stealthy swim, (amphibious), 8 rings, (constrict 8)
a: End Transformation, Renounce Religion, Evoke Blink, Potion Petition, Call
Merchant, Bribe Branch


You were in a volcano.
You worshipped Gozag.
Gozag was most pleased with you.
You were a venomous arachnid creature.
You visited 4 branches of the dungeon, and saw 18 of its levels.
You also visited: Volcano.

You collected 6547 gold pieces.
You spent 2873 gold pieces at shops.
You paid 611 gold pieces to Gozag.

Inventory:

Hand Weapons
 L - the +9 staff of Olgreb {rPois∞}
   (You found it on level 7 of the Dungeon)

   It grants immunity to poison.
Missiles
 e - 414 stones
Armour
 o - a +1 kite shield
 I - the +2 hat of the Bear Spirit (melded) {Spirit, +Rage rN+ Will++}
   (You bought it in a shop on level 2 of the Orcish Mines)

   It protects you from negative energy.
   It affects your willpower, your defense against some magical effects.
   It lets you go berserk.
 N - a +0 buckler (melded)
Jewellery
 d - a ring of wizardry (right front leg)
 i - a ring of ice
 m - a ring of magical power (left front leg)
 s - a ring of wizardry (on tentacle)
 v - the ring "Wufrehe" (on tentacle) {+Blink rPois rN+ Str+4 Int-5}
   (You bought it in a shop on level 4 of the Dungeon)

   [ring of poison resistance]

   It affects your strength (+4).
   It affects your intelligence (-5).
   It protects you from poison.
   It protects you from negative energy.
   It lets you blink.
 z - a +6 ring of dexterity (on tentacle)
 A - the amulet "Hopt" (around neck) {RegenMP Str-3 Dex+4}
   (You bought it in a shop on level 9 of the Dungeon)

   [amulet of magic regeneration]

   It increases your magic regeneration.
   It affects your strength (-3).
   It affects your dexterity (+4).
 B - an amulet of reflection
 G - the ring "Xitralen" (on tentacle) {rElec rC+ Str+4 Int+2}
   (You bought it in a shop on level 2 of the Orcish Mines)

   [ring of protection from cold]

   It affects your strength (+4).
   It affects your intelligence (+2).
   It protects you from cold.
   It insulates you from electricity.
 H - a ring of resist corrosion (on tentacle)
 M - a +6 ring of intelligence (on tentacle)
Wands
 g - a wand of charming (9)
 u - a wand of digging (4)
 w - a wand of flame (13)
 x - a wand of paralysis (8)
 E - a wand of iceblast (4)
Scrolls
 b - 2 scrolls of fear
 c - 7 scrolls of identify
 h - 8 scrolls of teleportation
 k - 3 scrolls of amnesia
 r - 2 scrolls of magic mapping
 t - a scroll of fog {unknown}
 y - a scroll of silence
 F - a scroll of enchant weapon {unknown}
 J - a scroll of blinking
 K - a scroll of holy word {unknown}
Potions
 a - 2 potions of attraction
 f - a potion of invisibility
 j - 4 potions of curing
 l - 4 potions of haste
 n - 3 potions of flight
 p - 2 potions of brilliance
 q - a potion of magic
 C - 3 potions of berserk rage
 D - a potion of cancellation {unknown}


   Skills:
 + Level 10.0 Fighting
 - Level 10.0 Dodging
 + Level 9.6 Stealth
 + Level 10.3 Unarmed Combat
 * Level 9.5 Spellcasting
 + Level 10.0 Transmutations
 - Level 2.0 Fire Magic
 - Level 2.0 Air Magic
 + Level 8.0 Poison Magic
 + Level 3.9 Evocations


You had 5 spell levels left.
You knew the following spells:

 Your Spells              Type           Power        Failure   Level
a - Sting                 Tmut/Pois      100%         1%          1
b - Poisonous Vapours     Pois/Air       68%          1%          2
c - Olgreb's Toxic Radia  Pois           48%          2%          4
d - Ignite Poison         Fire/Tmut/Pois 41%          1%          3
e - Yara's Violent Unrav  Hex/Tmut       17%          13%         5
f - Spider Form           Tmut/Pois      25%          1%          3
g - Ice Form              Ice/Tmut       34%          5%          4
h - Blade Hands           Tmut           27%          2%          5

Your spell library contained the following spells:

 Spells                   Type           Power        Failure   Level
 Beastly Appendage        Tmut           100%         1%          1
 Wereblood                Tmut           54%          1%          2
 Animate Skeleton         Necr           20%          4%          1
 Apportation              Tloc           20%          4%          1
 Corona                   Hex            11%          4%          1
 Magic Dart               Conj           40%          4%          1
 Summon Small Mammal      Summ           40%          4%          1
 Mephitic Cloud           Conj/Pois/Air  26%          4%          3
 Petrify                  Tmut/Erth      34%          5%          4
 Blink                    Tloc           N/A          6%          2
 Call Imp                 Summ           10%          6%          2
 Slow                     Hex            10%          6%          2
 Conjure Flame            Conj/Fire      15%          8%          3
 Confusing Touch          Hex            10%          11%         3
 Gell's Gravitas          Tloc           5%           11%         3
 Metabolic Englaciation   Hex/Ice        5%           54%         5


Dungeon Overview and Level Annotations

Branches:
Dungeon (11/15)            Temple (1/1) D:4            Lair (4/6) D:8
  Swamp (0/4) Lair:3        Snake (0/4) Lair:2          Orc (2/2) D:11
    Elf (0/3) Orc:2       Volcano (1/1)

Altars:
Ashenzari
Cheibriados
Dithmenos
Elyvilon
Fedhas
Gozag
Hepliaklqana
Kikubaaqudgha
Makhleb
Nemelex Xobeh
Okawaru
Qazlal
Ru
Sif Muna
Trog
Uskayaw
Vehumet
Wu Jian
Xom
Yredelemnul
Zin
The Shining One
Beogh

Shops:
D:4 =(   D:5 [   D:9 *   D:10 (   Orc:1 [   Orc:2 ==*[

Annotations:
D:1 Grinder
Lair:2 3 runed translucent doors, Shadow153's ghost, journeyman DrFE


Innate Abilities, Weirdness & Mutations

You cannot wear most types of armour.
You are very stealthy in the water. (Stealth+)
((You are amphibious.))
You can wear up to eight rings at the same time.
((You can use your tentacles to constrict eight enemies at once.))
((Your skin changes colour to match your surroundings (Stealth+).))
((Your rubbery body absorbs attacks. (AC +1, EV +1)))


Message History

Confirm with . or Enter, or press ? or * to list all spells.
You begin to radiate toxic energy.
Your toxic aura wanes.
The efreet gestures at you.
The fireball explodes!
The fireball engulfs you!!
The efreet becomes distracted by your gold, dreaming of imaginary riches.
There is an open door here.
You bite the efreet!
The efreet is no longer distracted by gold.
The efreet is lightly wounded.
Your transformation is almost over.
The efreet gestures at you. The bolt of fire misses you.
You hit the efreet but do no damage.
The efreet is lightly wounded.
The efreet completely misses you.
You hit the efreet but do no damage.
The efreet is lightly wounded.
You hit the efreet.
The efreet is moderately wounded.
The fire elemental completely misses you.
The efreet completely misses you. The fire elemental hits you.
The fire elemental burns you!
You bite the efreet!
The efreet is severely wounded.
The efreet gestures at you.
The fireball explodes!
The fireball engulfs you!!
* * * LOW HITPOINT WARNING * * *
The fireball engulfs the fire elemental.
The fire elemental completely resists.
The fireball engulfs the efreet.
The efreet completely resists.
The fire elemental hits you.
* * * LOW HITPOINT WARNING * * *
The fire elemental burns you!
* * * LOW HITPOINT WARNING * * *
The efreet gestures at you.
The fireball explodes!
The fireball engulfs the fire elemental.
The fire elemental completely resists.
The fireball engulfs you!!
You die...
Your body crumbles into a pile of gold.

##≈§.##
#≈≈.§.##
##≈§≈.§.##
#§v≈≈≈.§.#
#≈≈≈≈.§.#
##≈○R..#
###+###○###
##.....E...##
##......s....##
#....∩...∩....#
##...........##
##§≈.≈≈≈.§≈##
##§§≈≈≈§§##
#########


You could see an efreet, a fire elemental and a fire vortex.

Vanquished Creatures
  Josephine (D:10)
  2 ogre magi (Orc:2)
  9 two-headed ogres
  A tengu warrior (D:11)
  3 death yaks (Lair:3)
  2 deep trolls (Orc:2)
  A glowing orange brain (D:10)
  A deep elf pyromancer (D:11)
  An orc sorcerer (Orc:1)
  3 cyclopes
  A manticore (D:11)
  A black mamba (Lair:4)
  Joseph (D:10)
  3 elephants (Lair:3)
  4 cane toads
  A centaur skeleton (D:10)
  2 rime drakes
  8 komodo dragons
  12 trolls
  11 blink frogs
  2 polar bears
  A hornet (D:10)
  2 wyverns
  2 shadows (D:11)
  11 yaks
  6 wraiths
  A basilisk (D:10)
  A fire elemental (Volcano)
  Grum (D:10)
  3 wargs
  2 swamp worms (Lair:3)
  9 water moccasins
  4 soldier ants (D:7)
  17 orc warriors
  3 black bears
  4 ice beasts
  A sky beast (D:8)
  27 ogres
  13 wolves
  8 centaurs
  A phantom (D:6)
  4 kobold brigands
  14 bullfrogs
  3 gnoll sergeants
  7 scorpions
  10 killer bees
  4 howler monkeys
  12 wights
  An electric eel (Lair:2)
  A centaur zombie (D:8)
  A bullfrog zombie (D:6)
  2 jellies
  A gnoll shaman (D:10)
  7 hounds
  Crazy Yiuf (D:4)
  19 orc priests
  3 bullfrog skeletons
  An iguana (D:7)
  14 orc wizards
  15 worker ants
  4 hell rats (Lair:3)
  2 hound skeletons
  3 worker ant zombies
  7 gnolls
  18 adders
  3 shadow imps
  3 white imps
  An ufetubus (D:6)
  3 oozes
  An adder skeleton (D:4)
  An adder zombie (D:6)
  3 dart slugs
  A worm (D:2)
  A leopard gecko (D:3)
  59 orcs
  2 ball pythons
  8 giant cockroaches
  9 hobgoblins
  14 jackals
  5 quokkas
  7 bats
  7 frilled lizards
  12 goblins
  25 kobolds
  A quokka skeleton (D:6)
  8 rats
515 creatures vanquished.

Vanquished Creatures (others)
  A giant cockroach (D:3)
  A bat (D:3)
  3 fungi
  14 plants
19 creatures vanquished.

Grand Total: 534 creatures vanquished

Notes
Turn   | Place    | Note
-------+----------+-------------------------------------------
     0 | D:1      | wakim the Octopode Venom Mage began the quest for the Orb.
     0 | D:1      | Reached XP level 1. HP: 11/11 MP: 3/3
    89 | D:1      | Reached XP level 2. HP: 16/17 MP: 0/5
   138 | D:1      | Learned a level 2 spell: Poisonous Vapours
   735 | D:1      | Reached XP level 3. HP: 21/21 MP: 3/6
   831 | D:1      | Reached skill level 1 in Unarmed Combat
  1554 | D:2      | Found a hazy altar of Hepliaklqana.
  1688 | D:2      | Found a sacrificial altar of Ru.
  1884 | D:2      | Reached XP level 4. HP: 27/27 MP: 3/8
  1947 | D:2      | Learned a level 4 spell: Olgreb's Toxic Radiance
  2009 | D:2      | Found a bloodstained altar of Trog.
  2305 | D:2      | Found a stormy altar of Qazlal.
  2556 | D:2      | Found a stormy altar of Qazlal.
  2858 | D:3      | Reached skill level 5 in Poison Magic
  3006 | D:3      | Reached XP level 5. HP: 31/31 MP: 9/9
  3120 | D:3      | Noticed Grinder
  3543 | D:2      | Paralysed by Grinder for 2 turns
  3561 | D:2      | Paralysed by Grinder for 4 turns
  3574 | D:1      | Paralysed by Grinder for 5 turns
  3596 | D:1      | Paralysed by Grinder for 2 turns
  3906 | D:3      | Learned a level 3 spell: Ignite Poison
  3946 | D:3      | Found a radiant altar of Vehumet.
  4166 | D:4      | Reached XP level 6. HP: 36/36 MP: 10/10
  4348 | D:4      | Found a shimmering blue altar of Sif Muna.
  4502 | D:4      | Found Bushruw's Jewellery Shoppe.
  4611 | D:4      | Reached skill level 5 in Unarmed Combat
  4611 | D:4      | Reached XP level 7. HP: 34/41 MP: 10/11
  4682 | D:4      | Found a staircase to the Ecumenical Temple.
  4758 | Temple   | Entered the Ecumenical Temple
  4818 | Temple   | Became a worshipper of Gozag Ym Sagoz the Greedy
  4880 | D:4      | Found an ornate altar of the Wu Jian Council.
  4881 | D:4      | Found an iron altar of Okawaru.
  4981 | D:4      | Found Wusanuod's Weapon Emporium.
  5112 | D:4      | Found a runed translucent door.
  5113 | D:4      | Noticed Crazy Yiuf
  5126 | D:4      | Killed Crazy Yiuf
  5210 | D:5      | Entered Level 5 of the Dungeon
  5280 | D:5      | Reached skill level 1 in Fighting
  5525 | D:5      | Found a broken altar of Ashenzari.
  5883 | D:5      | Found a glowing golden altar of the Shining One.
  5885 | D:5      | Noticed an angel
  5892 | D:5      | Found a basalt altar of Yredelemnul.
  5894 | D:5      | Noticed a profane servitor
  5926 | D:5      | Found Exta's Armour Shoppe.
  6035 | D:5      | Reached XP level 8. HP: 50/50 MP: 12/12
  6092 | D:5      | Found an opulent altar of Gozag.
  7051 | D:6      | Found a shimmering altar of Xom.
  8219 | D:6      | Reached skill level 5 in Stealth
  9377 | D:7      | Reached skill level 5 in Fighting
  9552 | D:7      | Reached XP level 9. HP: 59/60 MP: 13/13
  9895 | D:7      | Found a runed translucent door.
  9904 | D:7      | Found the +9 staff of Olgreb {rPois∞}
  9995 | D:7      | Found a runed translucent gate.
  9995 | D:7      | Found a runed translucent gate.
  9996 | D:7      | Found a runed translucent door.
 10006 | D:7      | Found a runed translucent gate.
 10231 | D:7      | Reached skill level 5 in Dodging
 10529 | D:8      | Found a staircase to the Lair.
 10778 | D:8      | Found Zin's Purification Station.
 10778 | D:8      | Found a glowing silver altar of Zin.
 11578 | D:4      | Bought the ring "Wufrehe" {+Blink rPois rN+ Str+4 Int-5}
                  | for 469 gold pieces
 11707 | D:8      | Reached XP level 10. HP: 63/66 MP: 16/16
 11862 | D:8      | Bought a potion of curing for 90 gold pieces
 12887 | D:9      | Identified a scroll of acquirement
 12889 | D:9      | Acquired 1192 gold pieces
 12892 | D:9      | Bought a scroll labelled KORIFAM DUANU for 18 gold pieces
 12892 | D:9      | Bought a translucent bone amulet for 90 gold pieces
 12892 | D:9      | Bought a large peridot amulet for 90 gold pieces
 12898 | D:9      | Identified the amulet "Hopt" {RegenMP Str-3 Dex+4} (You
                  | bought it in a shop on level 9 of the Dungeon)
 12943 | D:10     | Entered Level 10 of the Dungeon
 12965 | D:10     | Noticed Grum
 12966 | D:10     | Noticed Joseph
 12966 | D:10     | Noticed Josephine
 12967 | D:10     | Noticed a glowing orange brain
 13049 | D:10     | Reached skill level 5 in Spellcasting
 13466 | D:10     | Learned a level 5 spell: Yara's Violent Unravelling
 13570 | D:10     | Reached skill level 5 in Transmutations
 13654 | D:10     | Killed Joseph
 13660 | D:10     | HP: 1/66 [wraith (12)]
 13995 | D:10     | Reached XP level 11. HP: 40/71 MP: 20/20
 14159 | D:10     | Killed Grum
 14188 | D:10     | Killed a glowing orange brain
 14189 | D:10     | Reached skill level 1 in Fire Magic
 14189 | D:10     | Reached skill level 1 in Air Magic
 14201 | D:10     | Noticed a cyclops
 14208 | D:10     | Killed a cyclops
 14522 | D:10     | Killed Josephine
 15066 | D:10     | Noticed a two-headed ogre
 15076 | D:10     | Killed a two-headed ogre
 15120 | D:10     | Found a burning altar of Makhleb.
 15275 | D:10     | Found Ziferr's Antique Weapon Shoppe.
 15358 | D:10     | Learned a level 3 spell: Spider Form
 15815 | D:11     | Noticed a tengu warrior
 15843 | D:11     | Killed a tengu warrior
 16066 | D:11     | Noticed a deep elf pyromancer
 16072 | D:11     | Killed a deep elf pyromancer
 16402 | D:11     | Found a staircase to the Orcish Mines.
 16884 | D:11     | Noticed a manticore
 16890 | D:11     | Killed a manticore
 16891 | D:11     | Reached XP level 12. HP: 70/80 MP: 18/22
 17132 | D:11     | Learned a level 4 spell: Ice Form
 17375 | Orc:1    | Entered Level 1 of the Orcish Mines
 17843 | Orc:1    | Found Xewn's Antique Armour Shoppe.
 18098 | Orc:2    | Entered Level 2 of the Orcish Mines
 18234 | Orc:2    | Found a staircase to the Elven Halls.
 18467 | Orc:2    | Found a roughly hewn altar of Beogh.
 18638 | Orc:2    | Noticed a two-headed ogre
 18639 | Orc:2    | Found Ahyociov's Jewellery Shoppe.
 18645 | Orc:2    | Killed a two-headed ogre
 18645 | Orc:2    | Noticed an ogre mage
 18645 | Orc:2    | Noticed a two-headed ogre
 18648 | Orc:2    | Paralysed by something for 3 turns
 18668 | Orc:2    | Noticed a two-headed ogre
 18677 | Orc:2    | Killed a two-headed ogre
 18705 | Orc:2    | Noticed a two-headed ogre
 18774 | Orc:2    | Noticed a two-headed ogre
 18785 | Orc:2    | Killed a two-headed ogre
 18927 | Orc:2    | Killed a two-headed ogre
 18942 | Orc:2    | Noticed a two-headed ogre
 18953 | Orc:2    | Killed a two-headed ogre
 18962 | Orc:2    | Reached XP level 13. HP: 80/88 MP: 12/25
 19060 | Orc:2    | Reached skill level 10 in Dodging
 19067 | Orc:2    | Reached skill level 10 in Unarmed Combat
 19160 | Orc:2    | Paralysed by something for 4 turns
 19414 | Orc:2    | Found Dekahuac's Antique Armour Shoppe.
 19424 | Orc:2    | Found Pusoigoe's Jewellery Boutique.
 19438 | Orc:2    | Bought the ring "Xitralen" {rElec rC+ Str+4 Int+2} for 567
                  | gold pieces
 19439 | Orc:2    | Bought a ring of resist corrosion for 220 gold pieces
 19454 | Orc:2    | Bought the +2 hat of the Bear Spirit {Spirit, +Rage rN+
                  | Will++} for 1329 gold pieces
 19454 | Orc:2    | Found the +2 hat of the Bear Spirit {Spirit, +Rage rN+
                  | Will++}
 19467 | Orc:2    | Found Cicharra's General Store.
 19676 | Lair:1   | Entered Level 1 of the Lair of Beasts
 19798 | Lair:1   | Reached skill level 10 in Transmutations
 20181 | Lair:1   | Learned a level 5 spell: Blade Hands
 20389 | Lair:1   | Reached skill level 1 in Evocations
 20985 | Lair:2   | Found a staircase to the Snake Pit.
 21264 | Lair:2   | Found a runed translucent gate.
 21264 | Lair:2   | Found a runed translucent gate.
 21268 | Lair:2   | Found a runed translucent gate.
 21305 | Lair:2   | Noticed Shadow153's ghost (journeyman DrFE)
 22265 | Lair:3   | Reached XP level 14. HP: 98/98 MP: 14/27
 22501 | Lair:3   | Reached skill level 10 in Fighting
 22671 | Lair:3   | Found a staircase to the Swamp.
 22866 | Lair:4   | Found a dark tunnel.
 22874 | Volcano  | Entered a volcano
 22909 | Volcano  | Killed from afar by an efreet

Illustrated notes

Levels and vault maps discovered:
D:1:      heliophobic_arrival_henge, layout_rooms
D:2:      layout_basic, marbit_many_paths, old_standard_altar, bloody_trog,
          hangedman_ru_absence, nicolae_qazlal_eye_of_the_storm
D:3:      layout_basic, fiery_altar_vehumet, uniq_grinder
D:4:      minmay_skewed_foursquare, layout_rooms, kennysheep_mini_moat,
          gammafunk_temple_overflow_pools, minmay_temple_entry_antechambers,
          serial_shops, shop, nicolae_shop_stone, uniq_crazy_yiuf_cottage
D:5:      layout_basic, grunt_temple_overflow_holy_war, lemuel_round_altar,
          serial_shops, nicolae_shop_crystal, nicolae_gozag_seed_capital
D:6:      layout_layer_cave, lemuel_doored_altar, kennysheep_generic_room_4
D:7:      layout_gridville, grunt_ministairs_2,
          minmay_guarded_unrand_staff_of_olgreb
D:8:      layout_basic, zin_purify, lair_entry_dummy, minivault_21
D:9:      layout_small_grid
D:10:     hangedman_cross_cluster, layout_loops_ring, basic_altar, serial_shops,
          shop, uniq_joseph, uniq_grum, uniq_josephine
D:11:     layout_basic, david_orc_3
Temple:   dpeg_three_leaves_temple
Lair:1:   layout_cave_pods, st_stairs_6, serial_bayou_pond_d, minivault_26,
          minmay_holes, lemuel_old_faithful
Lair:2:   layout_long_grid, dummy_snake_entry, gammafunk_ghost_icy,
          wad_woods_road_03, grunt_megastairs_2, serial_bayou_shore_a
Lair:3:   layout_cave_shapes, minmay_swamp_entry_worms
Lair:4:   layout_roguey, lightli_volcano_entry_magma_tube, serial_bayou_pond_e
Orc:1:    layout_caves, serial_shops, nicolae_shop_window_shopping
Orc:2:    st_orc_open, layout_diamond_mine, basic_altar
Volcano:  volcano_aerie

Skill      XL: |  1  2  3  4  5  6  7  8  9 10 11 12 13 14 |
---------------+-------------------------------------------+-----
Poison Magic   | 4 5 6 8 |  8.0
Unarmed Combat | 1 3 5 6 7 8 9 10 | 10.3
Spellcasting   | 3 4 6 8 9 |  9.5
Fighting       | 2 5 6 7 9 10 | 10.0
Stealth        | 3 5 6 8 9 |  9.6
Dodging        | 4 6 7 9 10 | 10.0
Transmutations | 4 6 8 9 10 | 10.0
Fire Magic     | 2 |  2.0
Air Magic      | 2 |  2.0
Evocations     | 3 |  3.9

Action                   |  1- 3 |  4- 6 |  7- 9 | 10-12 | 13-15 || total
-------------------------+-------+-------+-------+-------+-------++-------
Melee: Unarmed           |    50 |    29 |   175 |   289 |   108 ||   651
       Constrict         |    11 |     6 |    32 |    16 |     3 ||    68
       Tentacles         |     5 |     5 |    24 |    54 |     7 ||    95
       Punch             |       |     1 |     8 |    19 |     2 ||    30
Throw: Stone             |     1 |       |     2 |       |       ||     3
 Cast: Sting             |     5 |     4 |     9 |     2 |       ||    20
       Poisonous Vapours |    29 |    36 |    36 |   105 |    12 ||   218
       Olgreb's Toxic Ra |       |     9 |    23 |    80 |    52 ||   164
       Ignite Poison     |       |     4 |    19 |    79 |    50 ||   152
       Spider Form       |       |       |       |    22 |    21 ||    43
       Yara's Violent Un |       |       |       |     1 |       ||     1
       Ice Form          |       |       |       |     2 |    10 ||    12
       Blade Hands       |       |       |       |       |     4 ||     4
Invok: Call Merchant     |       |       |       |     1 |       ||     1
Evoke: Wand              |       |       |       |     9 |       ||     9
  Use: Scroll            |       |     5 |    10 |    12 |     1 ||    28
       Potion            |       |       |     1 |     2 |       ||     3
 Stab: Sleeping          |     1 |     2 |     7 |     3 |     4 ||    17
       Distracted        |       |       |       |     5 |     4 ||     9
Armor: Skin              |     8 |     2 |     4 |    16 |    11 ||    41
Dodge: Dodged            |    31 |    18 |   108 |   278 |    95 ||   530

Table legend: (Time is in decaauts)
 A = Elapsed time spent in this place.
 B = Non-inter-level travel time spent in this place.
 C = Inter-level travel time spent in this place.
 D = Time resting spent in this place.
 E = Time spent auto-exploring this place.
 F = Levels seen in this place.
 G = Mean time per level.
                   A        B        C        D        E       F      G
               +--------+--------+--------+--------+--------+-----+--------+
         Total |  22934 |  21615 |   1319 |   8452 |   7823 |  19 | 1207.1 |
       Dungeon |  17730 |  16628 |   1102 |   7199 |   5199 |  11 | 1611.8 |
        Temple |     97 |     83 |     14 |      0 |     73 |   1 |   97.0 |
          Lair |   3000 |   2887 |    113 |    657 |   1756 |   4 |  750.0 |
  Orcish Mines |   2074 |   1985 |     89 |    596 |    795 |   2 | 1037.0 |
       Volcano |     32 |     32 |      0 |      0 |      0 |   1 |   32.0 |
               +--------+--------+--------+--------+--------+-----+--------+

Top non-repeatable levels by time:
     D:6: 2383 daAuts
    D:10: 2088 daAuts
     D:9: 1969 daAuts
     D:7: 1770 daAuts
     D:2: 1745 daAuts
     D:8: 1461 daAuts
     D:5: 1418 daAuts
    D:11: 1410 daAuts
     D:1: 1304 daAuts
  Lair:1: 1180 daAuts
     D:4: 1142 daAuts
   Orc:2: 1111 daAuts
     D:3: 1035 daAuts
   Orc:1: 962 daAuts
  Lair:2: 903 daAuts
